 Dungeon Crawl Stone Soup version 0.18.1-47-g9310371 (webtiles) character file.

377 rockintein the Chopper (level 6, -1/56 HPs)
             Began as a Minotaur Berserker on June 14, 2016.
             Was a Believer of Trog.
             Slain by an iguana (12 damage)
             ... on level 4 of the Dungeon.
             The game lasted 00:04:41 (3240 turns).

rockintein the Chopper (Minotaur Berserker)         Turns: 3240, Time: 00:04:43

Health: -1/56      AC:  7    Str: 23    XL:     6   Next: 45%
Magic:  5/5        EV: 12    Int:  4    God:    Trog [**....]
Gold:   112        SH:  0    Dex: 10    Spells: 0 memorised, 5 levels left

rFire  + . .     SeeInvis .     a - +0 hand axe
rCold  . . .     Gourm    .     k - +0 leather armour {rF+}
rNeg   . . .     Faith    .     (no shield)
rPois  .         Spirit   .     (helmet restricted)
rElec  .         Dismiss  .     v - +0 cloak (curse)
rCorr  .         Reflect  .     (no gloves)
SustAt .         Harm     .     w - +1 pair of boots
MR     ++...                    (no amulet)
Stlth  +.........               (no ring)
                                (no ring)

@: lethally poisoned (-1 -> -1), regenerating, very resistant to hostile
enchantments, very unstealthy
A: retaliatory headbutt, horns 2
a: Berserk, Trog's Hand, Burn Spellbooks, Renounce Religion


You were on level 4 of the Dungeon.
You worshipped Trog.
Trog was pleased with you.
You were very hungry.

You visited 1 branch of the dungeon, and saw 4 of its levels.

You collected 112 gold pieces.

Inventory:

Hand Weapons
 a - a +0 hand axe (weapon)
Armour
 b - a +0 animal skin
 k - a +0 leather armour of fire resistance (worn)
 p - a +0 pair of boots
 v - a cursed +0 cloak (worn)
 w - a +1 pair of boots (worn)
 y - a +0 ring mail
Jewellery
 h - an uncursed ring of wizardry {unknown}
Wands
 t - a wand of slowing (34/48)
 u - a wand of random effects (14/48)
Scrolls
 e - 2 scrolls of amnesia {unknown}
 f - 3 scrolls of identify {unknown}
 g - a scroll of remove curse {unknown}
 j - a scroll of recharging {unknown}
 m - a scroll of enchant weapon {unknown}
 o - a scroll of teleportation {unknown}
 q - 3 scrolls of random uselessness {unknown}
 r - a scroll of fog {unknown}
 s - a scroll of enchant armour {unknown}
Potions
 d - 2 potions of heal wounds
 i - 2 potions of cure mutation {unknown}
Comestibles
 c - 4 bread rations
 l - 3 fruits
 n - a meat ration
 x - a slice of pizza


   Skills:
 + Level 5.3 Fighting
 * Level 6.8 Axes
 + Level 4.5 Armour
 - Level 2.1 Dodging


You had 5 spell levels left.
You didn't know any spells.

Dungeon Overview and Level Annotations

Branches:
Dungeon (4/15)
 Temple: D:4-7

Altars:
Gozag
Ru
Xom


Innate Abilities, Weirdness & Mutations

You reflexively headbutt those who attack you in melee.
You have a pair of horns on your head.


Message History

The iguana barely misses you.
You hit the iguana but do no damage. The iguana bites you.
You hit the iguana but do no damage. You headbutt the iguana.
The iguana is lightly wounded.
You feel sick. The iguana barely misses you.
You closely miss the iguana. Your headbutt misses the iguana.
The iguana is lightly wounded.
You hear the slow hiss of an avalanche of sand nearby.
You feel sick. The iguana bites you!
* * * LOW HITPOINT WARNING * * *
You are too injured to fight recklessly!
You are too injured to fight recklessly!
You are too injured to fight recklessly!
Your skin crawls.
You feel resistant to hostile enchantments.
You feel slightly more hungry.
You feel sick. The iguana barely misses you.
You hit the iguana.
The iguana is moderately wounded.
The iguana bites you!
You die...

##.## #...# #...# #...#
## .. #...# ..
##.###...###### .####
#........(....####.....#
................@l$..#
#.........^...####.....#
##.###...###### ..### .
#...# ... # #...# ### #
##...## #####.....###
....#.......#
###.#...#.#.#


You could see an iguana.

Vanquished Creatures
  Sigmund (D:2)
  A howler monkey (D:4)
  A worker ant (D:4)
  A hound skeleton (D:4)
  A howler monkey skeleton (D:4)
  5 adders
  An ooze (D:1)
  2 worms
  2 dart slugs
  2 giant geckos (D:3)
  5 orcs (D:2)
  4 giant cockroaches
  7 goblins
  14 hobgoblins
  4 jackals (D:3)
  6 kobolds
  A quokka (D:3)
  A ball python (D:2)
  3 bats
  A giant newt (D:3)
  4 rats
67 creatures vanquished.

Notes
Turn   | Place    | Note
--------------------------------------------------------------
     0 | D:1      | rockintein the Minotaur Berserker began the quest for the Orb.
     0 | D:1      | Reached XP level 1. HP: 19/19 MP: 0/0
    25 | D:1      | Reached skill level 4 in Axes
    25 | D:1      | Reached XP level 2. HP: 23/27 MP: 1/1
   814 | D:2      | Reached ** piety under Trog
   814 | D:2      | Reached XP level 3. HP: 21/33 MP: 2/2
  1080 | D:2      | Noticed Sigmund
  1099 | D:2      | Killed Sigmund
  1099 | D:2      | Reached skill level 5 in Fighting
  1099 | D:2      | Reached skill level 5 in Axes
  1099 | D:2      | Reached XP level 4. HP: 34/42 MP: 3/3
  1099 | D:2      | Reached XP level 5. HP: 39/48 MP: 4/4
  1576 | D:2      | Found a shimmering altar of Xom.
  1579 | D:2      | Reached skill level 6 in Axes
  2461 | D:3      | Found a sacrificial altar of Ru.
  2495 | D:3      | Reached XP level 6. HP: 56/56 MP: 5/5
  3020 | D:3      | Found an opulent altar of Gozag.
  3240 | D:4      | Slain by an iguana

Skill      XL: |  1  2  3  4  5 |
---------------+----------------+-----
Axes           | 4 5 6 |  6.8
Fighting       | 4 5 |  5.3
Armour         | 3 4 |  4.5
Dodging        | |  2.1

Action                   |  1- 3 |  4- 6 || total
-------------------------+-------+-------++-------
Melee: Hand axe          |    73 |    99 ||   172
       Headbutt          |    18 |    15 ||    33
Invok: Berserk           |     1 |       ||     1
       Trog's Hand       |       |     2 ||     2
  Eat: Chunk             |       |     7 ||     7
Armor: Animal skin       |     3 |       ||     3
       Leather armour    |     6 |    22 ||    28
Dodge: Dodged            |    41 |    55 ||    96
